 Dungeon Crawl Stone Soup version 0.29-a0-925-g0a7a3d12f8 (webtiles) character file.

Game seed: 12456860092905413040

37 IdlyInterested the Chopper (level 3, -3/27 HPs)
             Began as a Demonspawn Gladiator on July 28, 2022.
             Slain by a gnoll
             ... wielding a +0 halberd
              (11 damage)
             ... on level 2 of the Dungeon.
             The game lasted 00:03:59 (1252 turns).

IdlyInterested the Chopper (Demonspawn Gladiator)   Turns: 1252, Time: 00:04:00

Health: -3/27      AC:  4    Str: 16    XL:     3   Next: 23%
Magic:  3/3        EV: 13    Int:  9    God:
Gold:   62         SH:  4    Dex: 22    Spells: 2/2 levels left

rFire   + . .      SeeInvis .   a - +0 war axe
rCold   . . .      Faith    .   (no shield)
rNeg    . . .      Spirit   .   b - +0 leather armour
rPois   .          Reflect  .   c - +0 helmet
rElec   .          Harm     .   (no cloak)
rCorr   .          Rampage  .   (no gloves)
Will    .....                   (no boots)
Stlth   +++.......              f - amulet of regeneration
HPRegen 0.89/turn               h - +6 ring of dexterity
MPRegen 0.08/turn               l - ring of protection from fire

@: no status effects
A: thin skeletal structure 1, condensation shield
a: no special abilities


You were on level 2 of the Dungeon.
You visited 1 branch of the dungeon, and saw 2 of its levels.

You collected 62 gold pieces.

Inventory:

Hand Weapons
 a - a +0 war axe (weapon)
Missiles
 d - 3 throwing nets (quivered)
 e - a javelin
Armour
 b - a +0 leather armour (worn)
 c - a +0 helmet (worn)
Jewellery
 f - an amulet of regeneration (around neck)
 h - a +6 ring of dexterity (left hand)
 l - a ring of protection from fire (right hand)
Scrolls
 m - a scroll of teleportation {unknown}
Potions
 g - a potion of magic {unknown}
 i - a potion of berserk rage {unknown}
 j - a potion of curing {unknown}
 k - 2 potions of brilliance {unknown}
 n - a potion of haste {unknown}
 o - a potion of cancellation {unknown}


   Skills:
 - Level 2.0 Fighting
 * Level 3.6 Axes
 - Level 1.7 Throwing
 + Level 1.3 Armour
 - Level 2.6 Dodging


You had 2 spell levels left.
You didn't know any spells.
Your spell library contained the following spells:

 Spells                   Type           Power      Damage    Failure   Level
 Static Discharge         Conj/Air       0%         3-3/arc   58%         2
 Dazzling Flash           Conj/Hex       0%         N/A       83%         3
 Iskenderun's Mystic Bla  Conj/Tloc      0%         2d3       99%         4
 Lightning Bolt           Conj/Air       0%         1d11      100%        5
 Starburst                Conj/Fire      0%         6d3       100%        6
 Maxwell's Capacitive Co  Air            0%         ∞         100%        8


Dungeon Overview and Level Annotations

Branches:
Dungeon (2/15)

Altars:

Shops:
D:2 *


Innate Abilities, Weirdness & Mutations

You have a somewhat thin skeletal structure. (Dex +2, Stealth+)
A meltable shield of frost defends you. (SH +4)


Message History

You slash the ball python!
You kill the ball python!
Found a faded altar of an unknown god.
Found a stone staircase leading down.
You see here a ball python corpse.
There is a faded altar of an unknown god here.
There is a stone staircase leading down here.
There is a faded altar of an unknown god here.
You now have enough gold to buy a +0 cloak on this level.
You can access your shopping list by pressing '$'.
You now have 60 gold pieces (gained 13).
n - a fuming amethyst potion You now have 62 gold pieces (gained 2).
A bat comes into view.
The helpless bat fails to defend itself.
You hit the bat.
The bat is moderately wounded.
The bat hits you but does no damage. You block the bat's attack.
The bat barely misses you.
You hit the bat.
You kill the bat!
A gnoll comes into view. It is wielding a +0 halberd.
A gnoll comes into view.
It is wielding a +2 flail of protection.
The gnoll barely misses you.
The gnoll shouts!
You hit the gnoll.
The gnoll is heavily wounded.
You hear an angry hiss.
An adder comes into view.
The gnoll hits you with a +0 halberd!
You hit the gnoll.
The gnoll is almost dead.
The gnoll hits you with a +0 halberd!
* * * LOW HITPOINT WARNING * * *
You barely miss the gnoll.
The gnoll is almost dead.
You block the gnoll's attack.
You hit the gnoll but do no damage.
The gnoll is almost dead.
You hit the gnoll but do no damage. The gnoll hits you with a +0 halberd!
You die...

.# # .... .#
.... #.# ≈≈...
#.# .≈... ##.##
.≈....#...##
§§....#....###.#
§§....gg.......
#.....#@...###.#
g.g.. #........#
### ....
###.####.# #.#
... #.##.. ###.#
## ##.##.# ....#
##.#.#<# #####
##.###..########
## #.##
##.....>... .##
#..###..#######.


You could see 2 gnolls.

Vanquished Creatures
  2 worms (D:2)
  A dart slug (D:1)
  3 ball pythons
  2 endoplasms (D:2)
  3 giant cockroaches
  A goblin (D:1)
  3 hobgoblins
  2 jackals (D:1)
  2 quokkas (D:1)
  3 bats
  A kobold (D:1)
  3 rats (D:1)
26 creatures vanquished.

Vanquished Creatures (collateral kills)
  A kobold (D:2)
1 creature vanquished.

Grand Total: 27 creatures vanquished

Notes
Turn   | Place    | Note
-------+----------+-------------------------------------------
     0 | D:1      | IdlyInterested the Demonspawn Gladiator began the quest for
                  | the Orb.
     0 | D:1      | Reached XP level 1. HP: 16/16 MP: 1/1
   168 | D:1      | Reached skill level 3 in Axes
   194 | D:1      | Gained mutation: A meltable shield of frost defends you.
                  | (SH +4) [demonic ancestry]
   194 | D:1      | Reached XP level 2. HP: 22/22 MP: 2/2
   451 | D:1      | Reached skill level 1 in Armour
   926 | D:2      | Gained mutation: You have a somewhat thin skeletal
                  | structure. (Dex +2, Stealth+) [demonic ancestry]
   926 | D:2      | Reached XP level 3. HP: 27/27 MP: 3/3
  1040 | D:2      | Found Oruggizo's General Store.
  1125 | D:2      | Found a faded altar of an unknown god.
  1252 | D:2      | Slain by a gnoll

Illustrated notes

Levels and vault maps discovered:
D:1:      noname_arrival_rooms_in_the_neighbourhood, layout_basic
D:2:      layout_loops_ring, basic_ecumenical_altar, serial_shops,
          nicolae_shop_advertising_works [nicolae_subvault_shop_adworks],
          kennysheep_potato, uniq_terence, uniq_robin

Skill      XL: |  1  2 |
---------------+-------+-----
Axes           | 3 |  3.6
Armour         | 1 |  1.3
Fighting       | |  2.0
Throwing       | |  1.7
Dodging        | |  2.6

Action                   || total
-------------------------++-------
Melee: War axe           ||    67
       Punch             ||     1
  Use: Scroll            ||     4
 Stab: Sleeping          ||     6
Armor: Leather armour    ||     9
Dodge: Dodged            ||    29
Block: Other             ||     8

Table legend: (Time is in decaauts)
 A = Elapsed time spent in this place.
 B = Non-inter-level travel time spent in this place.
 C = Inter-level travel time spent in this place.
 D = Time resting spent in this place.
 E = Time spent auto-exploring this place.
 F = Levels seen in this place.
 G = Mean time per level.
                   A        B        C        D        E       F      G
               +--------+--------+--------+--------+--------+-----+--------+
         Total |   1274 |    995 |    279 |     21 |    695 |   2 |  637.0 |
       Dungeon |   1274 |    995 |    279 |     21 |    695 |   2 |  637.0 |
               +--------+--------+--------+--------+--------+-----+--------+

Top non-repeatable levels by time:
     D:1: 960 daAuts
     D:2: 313 daAuts
